 Dungeon Crawl Stone Soup version 0.31-a0-182-gc5ef74bbde (webtiles) character file.

Game seed: 7693470267614691638

98 Maxmaps the Slasher (level 4, 0/33 HPs)
             Began as a Demonspawn Reaver on June 21, 2023.
             Slain by a kobold
             ... wielding a +0 dagger
              (1 damage)
             ... on level 2 of the Dungeon.
             The game lasted 00:01:22 (1284 turns).

Maxmaps the Slasher (Demonspawn Reaver)             Turns: 1284, Time: 00:01:23

Health: 0/33       AC:  6    Str: 10 (13) XL:     4   Next: 43%
Magic:  7/7        EV: 11    Int: 15 (16) God:
Gold:   148        SH:  0    Dex: 10 (11) Spells: 6/7 levels left

rFire   . . .        a - +0 falchion
rCold   . . .        (no shield)
rNeg    . . .        b - +0 leather armour
rPois   .            (no helmet)
rElec   .            (no cloak)
rCorr   .            d - +0 pair of gloves
SInv    .            (no boots)
Will    .....        (no amulet)
Stlth   +            (no ring)
HPRegen 0.25/turn    (no ring)
MPRegen 0.10/turn

%: no passive effects
@: lethally poisoned (0 -> -2)
A: hooves 1, molten scales 1
a: no special abilities


You were on level 2 of the Dungeon.
You visited 1 branch of the dungeon, and saw 2 of its levels.

You collected 148 gold pieces.

Inventory:

Hand Weapons
 a - a +0 falchion (weapon)
Armour
 b - a +0 leather armour (worn)
 d - a +0 pair of gloves (worn)
Jewellery
 j - an amulet of regeneration
Wands
 k - a wand of polymorph (15)
Scrolls
 c - 2 scrolls of revelation {unknown}
 f - a scroll of fear {unknown}
 h - a scroll of identify {unknown}
 i - a scroll of fog {unknown}
 l - a scroll of teleportation {unknown}


   Skills:
 - Level 2.0 Fighting
 + Level 4.8 Long Blades
 - Level 1.7 Dodging
 - Level 2.0 Spellcasting
 - Level 3.0 Conjurations


You had 6 spell levels left.
You knew the following spells:

 Your Spells              Type           Power      Damage    Failure   Level
a - Kiss of Death         Conj/Necr      24%        2d7       16%         1

Your spell library contained the following spells:

 Spells                   Type           Power      Damage    Failure   Level
 Shock                    Conj/Air       24%        1d4       16%         1
 Momentum Strike          Conj/Tloc      12%        3d8       24%         2
 Hailstorm                Conj/Ice       6%         3d4       43%         3
 Swiftness                Air            1%         N/A       65%         3
 Airstrike                Air            0%         2d(1-17)  96%         4


Dungeon Overview and Level Annotations

Branches:
Dungeon (2/15)

Altars:


Innate Abilities, Weirdness & Mutations

You have large cloven feet.
You are partially covered in molten scales. (AC +2)


Message History

The adder is severely wounded.
You feel sick. The adder closely misses you.
You hit the adder. You kick the adder.
The adder is almost dead.
You feel sick. The adder barely misses you.
You closely miss the adder. Your kick misses the adder.
The adder is almost dead.
You feel sick. The adder bites you. The adder barely misses you.
You barely miss the adder.
The adder is almost dead.
You feel sick.
You are no longer poisoned.
The adder barely misses you.
A kobold comes into view. It is wielding a +0 dagger.
You closely miss the adder.
The adder is almost dead.
The adder bites you but does no damage. The adder bites you.
You are poisoned.
The adder poisons you!
You hit the adder.
You kill the adder!
You feel sick.
You barely miss the kobold.
You feel sick.
You feel sick. The kobold closely misses you.
The kobold hits you with a +0 dagger of holy wrath.
You convulse.
You barely miss the kobold. You kick the kobold, but do no damage.
You feel sick.
The kobold hits you but does no damage. x2
The kobold hits you with a +0 dagger of holy wrath.
* * * LOW HITPOINT WARNING * * *
You convulse.
* * * LOW HITPOINT WARNING * * *
The kobold hits you with a +0 dagger.
* * * LOW HITPOINT WARNING * * *
It was a potion of degeneration.
There was something very wrong with that liquid.
You feel weakened.
You feel dopey.
You feel clumsy.
* * * LOW HITPOINT WARNING * * *
You feel sick. The kobold hits you with a +0 dagger.
You die...

.....[.# #######
##.###.# .....##
.... ... ###.....##
# #.###.#.#
........# . #.# ..
........# # .. #.
...#.# #. #.##.#
#.##.##K##.#
#....K@..#.# #..
#....##..#.## #.#
#..## #....>## #.#
#.
###......####.#.# #
...............#.#
####...)..######.#
###.....##### #†#
............###.###
#########.#........


You could see 2 kobolds.

Vanquished Creatures
  Natasha (D:2)
  2 adders (D:2)
  2 dart slugs (D:1)
  4 endoplasms
  2 giant cockroaches (D:1)
  5 hobgoblins
  4 jackals (D:1)
  4 kobolds
  7 quokkas
  5 ball pythons
  A bat (D:1)
  A frilled lizard (D:1)
  5 goblins
  5 rats
48 creatures vanquished.

Notes
Turn   | Place    | Note
-------+----------+-------------------------------------------
     0 | D:1      | Maxmaps the Demonspawn Reaver began the quest for the Orb.
     0 | D:1      | Reached XP level 1. HP: 16/16 MP: 3/3
   111 | D:1      | Reached skill level 3 in Long Blades
   195 | D:1      | Gained mutation: You are partially covered in molten
                  | scales. (AC +2) [demonic ancestry]
   195 | D:1      | Reached XP level 2. HP: 20/22 MP: 5/5
   560 | D:1      | Gained mutation: You have large cloven feet. [demonic
                  | ancestry]
   560 | D:1      | Reached XP level 3. HP: 26/27 MP: 6/6
   741 | D:1      | Reached skill level 4 in Long Blades
   969 | D:2      | Noticed Natasha
   977 | D:2      | Killed Natasha
   978 | D:2      | Reached XP level 4. HP: 6/33 MP: 7/7
  1284 | D:2      | HP: 1/33 [poisoned by an adder]
  1284 | D:2      | Slain by a kobold

Illustrated notes

Levels and vault maps discovered:
D:1:      heliophobic_arrival_henge, layout_basic, glass_columns_c,
          minmay_three_crescents
D:2:      layout_loops_ring, nicolae_kite_square_tiling_tiny, glass_columns_a,
          uniq_natasha

Skill      XL: |  1  2  3 |
---------------+----------+-----
Long Blades    | 3 4 |  4.8
Fighting       | |  2.0
Dodging        | |  1.7
Spellcasting   | |  2.0
Conjurations   | |  3.0

Action                     |  1- 3 |  4- 6 || total
---------------------------+-------+-------++-------
  Melee: Falchion          |   128 |    35 ||   163
         Kick              |     4 |     4 ||     8
         Punch             |     1 |     1 ||     2
    Use: Potion            |       |     2 ||     2
 Armour: Leather armour    |    68 |    14 ||    82
  Dodge: Dodged            |    86 |    26 ||   112

Table legend: (Time is in decaauts)
 A = Elapsed time spent in this place.
 B = Non-inter-level travel time spent in this place.
 C = Inter-level travel time spent in this place.
 D = Time resting spent in this place.
 E = Time spent auto-exploring this place.
 F = Levels seen in this place.
 G = Mean time per level.
                   A        B        C        D        E       F      G
               +--------+--------+--------+--------+--------+-----+--------+
         Total |   1316 |   1303 |     13 |     24 |    900 |   2 |  658.0 |
       Dungeon |   1316 |   1303 |     13 |     24 |    900 |   2 |  658.0 |
               +--------+--------+--------+--------+--------+-----+--------+

Top non-repeatable levels by time:
     D:1: 877 daAuts
     D:2: 439 daAuts
